 Dungeon Crawl Stone Soup version 0.28.0-43-g3370ac3207 (webtiles) character file.

Game seed: 10524789714587149877

2287 GreyFruit the Destroyer (level 9, -13/112 HPs)
             Began as a Green Draconian Conjurer on Mar 5, 2022.
             Was a Believer of Vehumet.
             Mangled by Menkaure (17 damage)
             ... on level 6 of the Dungeon.
             The game lasted 00:22:20 (9696 turns).

GreyFruit the Destroyer (Green Draconian Conjurer)  Turns: 9696, Time: 00:22:21

Health: -13/112    AC:  8    Str: 22    XL:     9   Next: 17%
Magic:  17/19      EV: 12    Int: 22    God:    Vehumet [**....]
Gold:   312        SH:  0    Dex: 10    Spells: 18/21 levels left

rFire   . . .      SeeInvis .   e - +2 dagger (venom)
rCold   . . .      Faith    .   (no shield)
rNeg    . . .      Spirit   .   (armour unavailable)
rPois   +          Reflect  .   (helmet restricted)
rElec   .          Harm     .   p - +0 cloak
rCorr   .          Rampage  .   (no gloves)
Will    .....                   (no boots)
Stlth   ..........              (no amulet)
HPRegen 0.28/turn               i - +6 ring of strength
MPRegen 0.16/turn               v - +6 ring of strength

@: mighty, berserking, short of breath, very quick
A: breathe noxious fumes, AC +7, unfitting armour, poison resistance,
cold-blooded
a: Breathe Noxious Fumes, Renounce Religion


You were on level 6 of the Dungeon.
You worshipped Vehumet.
Vehumet was pleased with you.
You visited 1 branch of the dungeon, and saw 7 of its levels.

You collected 312 gold pieces.

Inventory:

Hand Weapons
 e - a +2 dagger of venom (weapon)
 m - a +0 short sword of speed
Armour
 p - a +0 cloak (worn)
Jewellery
 i - a +6 ring of strength (left hand)
 k - a ring of protection from fire
 v - a +6 ring of strength (right hand)
Wands
 o - a wand of digging (3)
 u - a wand of iceblast (1)
Scrolls
 a - 6 scrolls of identify
 f - 2 scrolls of fog {unknown}
 g - 2 scrolls of enchant armour {unknown}
 h - 2 scrolls of immolation {unknown}
 j - 3 scrolls of magic mapping
 l - a scroll of blinking {unknown}
 s - a scroll of fear {unknown}
Potions
 b - 2 potions of curing
 d - a potion of cancellation
 q - a potion of flight {unknown}
 r - a potion of brilliance {unknown}
 t - a potion of heal wounds {unknown}


   Skills:
 * Level 5.8 Fighting
 + Level 1.9 Long Blades
 + Level 4.0 Dodging
 - Level 1.8 Stealth
 + Level 6.6 Spellcasting
 + Level 8.1 Conjurations


You had 18 spell levels left.
You knew the following spells:

 Your Spells              Type           Power      Damage    Failure   Level
a - Magic Dart            Conj           100%       1d8       1%          1
b - Searing Ray           Conj           86%        2d7       1%          2

Your spell library contained the following spells:

 Spells                   Type           Power      Damage    Failure   Level
 Static Discharge         Conj/Air       25%        N/A       2%          2
 Dazzling Flash           Conj/Hex       50%        N/A       4%          3
 Animate Skeleton         Necr           14%        N/A       9%          1
 Apportation              Tloc           14%        N/A       9%          1
 Pain                     Necr           28%        1d5       9%          1
 Summon Small Mammal      Summ           28%        N/A       9%          1
 Fulminant Prism          Conj/Hex       12%        3d9       16%         4
 Iskenderun's Mystic Bla  Conj/Tloc      25%        2d7       16%         4
 Vampiric Draining        Necr           7%         2d6       26%         3


Dungeon Overview and Level Annotations

Branches:
Dungeon (7/15)             Temple (0/1) D:6

Altars:
Dithmenos
Fedhas
Ru
Vehumet

Shops:
D:5 [   D:6 *

Annotations:
D:6 Menkaure


Innate Abilities, Weirdness & Mutations

You can breathe blasts of noxious fumes.
Your lurid green scales are hard. (AC +7)
You cannot fit into any form of body armour.
Your system is resistant to poisons. (rPois)
You are cold-blooded and may be slowed by cold attacks.


Message History

The gnoll is killed!
Vehumet accepts your kill.
You barely miss the gnoll.
The gnoll is moderately wounded.
The gnoll hits you with a +0 whip. Menkaure closely misses you.
Unknown command.
Menkaure calls on the powers of darkness!
The gnoll convulses!
Your body is wracked with pain!
The gnoll convulses!
The gnoll closely misses you.
You climb upwards.
There is a stone staircase leading down here.
You hit the gnoll.
You kill the gnoll!
Vehumet accepts your kill.
Menkaure calls on the powers of darkness!
Your body is wracked with pain!
* * * LOW HITPOINT WARNING * * *
Menkaure closely misses you.
You feel better.
Menkaure calls on the powers of darkness!
Your body is wracked with pain!
* * * LOW HITPOINT WARNING * * *
It was a potion of might.
You feel very mighty all of a sudden. Menkaure hits you.
* * * LOW HITPOINT WARNING * * *
You feel better. Menkaure hits you.
* * * LOW HITPOINT WARNING * * *
It was a potion of berserk rage.
A red film seems to cover your vision as you go berserk!
You feel yourself moving faster!
You feel mighty! Menkaure barely misses you.
Unknown command.
You hit Menkaure.
Menkaure is lightly damaged.
Menkaure hits you!
* * * LOW HITPOINT WARNING * * *
You puncture Menkaure!
Menkaure is severely damaged.
Menkaure hits you!
You die...

##..#...## ##...### #...♣♣♣..P
##.....# #....# #.........
##....# ##....## ##.........
##...####......# #.........[
##.......(.....## #....♣♣♣...
###.........#.....# ##...P♣ ♣...
##.....####..##....###..#..♣♣♣...
..............#.....#...#.P...P.P
####...........)@................
##..........M....####..P......
##..####.......### ##..♣♣♣P.P
#.### ####....## #..♣ ♣..P ##.#
##..#..# #..♣♣♣... #.## #.####.##
#.PPP...P #.# ### ##.## #........
#.## ##.# #...##### ##.# ###
#####


You could see Menkaure (fast).

Vanquished Creatures
  Grinder (D:3)
  5 yaks (D:6)
  2 water moccasins (D:3)
  An ogre (D:5)
  A kobold brigand (D:6)
  2 scorpions
  A water moccasin skeleton (D:5)
  5 killer bees (D:6)
  A bullfrog zombie (D:6)
  A hound (D:5)
  3 centaur skeletons
  A jelly (D:6)
  An iguana (D:4)
  Natasha (twice) (D:3 D:4)
  5 orc wizards
  A hound skeleton (D:4)
  10 gnolls
  4 adders
  A white imp (D:6)
  An ufetubus (D:5)
  2 worms
  4 dart slugs
  21 orcs
  A bat (D:2)
  5 endoplasms
  A giant cockroach (D:4)
  4 hobgoblins
  2 jackals (D:2)
  9 kobolds
  A quokka (D:3)
  5 ball pythons
  3 frilled lizards
  7 goblins
  4 rats
118 creatures vanquished.

Vanquished Creatures (others)
  Natasha (D:4)
  47 plants (D:6)
48 creatures vanquished.

Grand Total: 166 creatures vanquished

Notes
Turn   | Place    | Note
-------+----------+-------------------------------------------
     0 | D:1      | GreyFruit the Draconian Conjurer began the quest for the
                  | Orb.
     0 | D:1      | Reached XP level 1. HP: 14/14 MP: 3/3
   253 | D:1      | Found a faded altar of an unknown god.
   406 | D:1      | Prayed at the altar of an unknown god.
   406 | D:1      | Became a worshipper of Vehumet
   406 | D:1      | Reached * piety under Vehumet
   406 | D:1      | Offered knowledge of Sandblast by Vehumet.
   547 | D:1      | Reached XP level 2. HP: 16/20 MP: 0/5
   584 | D:1      | HP: 1/20 [kobold/+0 short sword (5)]
  1918 | D:2      | Reached skill level 1 in Fighting
  1918 | D:2      | Reached XP level 3. HP: 28/28 MP: 1/6
  2104 | D:2      | You fall into a shaft and drop 2 floors!
  2107 | D:3      | Noticed Natasha
  2112 | D:3      | Killed Natasha
  2170 | D:3      | Noticed Natasha
  2192 | D:4      | Killed Natasha
  2193 | D:4      | Reached skill level 5 in Conjurations
  2193 | D:4      | Reached XP level 4. HP: 3/35 MP: 0/7
  2473 | D:4      | Noticed Natasha
  2493 | D:4      | Killed Natasha
  2701 | D:4      | Reached XP level 5. HP: 36/41 MP: 5/9
  3060 | D:4      | Learned a level 2 spell: Searing Ray
  3393 | D:4      | Found a sacrificial altar of Ru.
  4023 | D:4      | Reached XP level 6. HP: 50/50 MP: 8/11
  4815 | D:3      | Reached ** piety under Vehumet
  4815 | D:3      | Offered knowledge of Shock by Vehumet.
  5134 | D:3      | Found a shadowy altar of Dithmenos.
  5194 | D:3      | Noticed Grinder
  5473 | D:3      | Noticed a water moccasin
  5479 | D:3      | Killed a water moccasin
  5480 | D:3      | Reached skill level 1 in Long Blades
  5480 | D:3      | Reached skill level 6 in Conjurations
  5541 | D:3      | Noticed a water moccasin
  5549 | D:3      | Killed a water moccasin
  5550 | D:3      | Your scales start taking on a lurid green colour.
  5550 | D:3      | Reached XP level 7. HP: 39/57 MP: 8/13
  5550 | D:3      | Gained mutation: Your system is resistant to poisons.
                  | (rPois) [Green Draconian growth]
  5784 | D:3      | Killed Grinder
  6077 | D:5      | Entered Level 5 of the Dungeon
  6707 | D:5      | Found Feiraz's Armour Shop.
  7478 | D:6      | Reached skill level 5 in Spellcasting
  7490 | D:5      | Reached XP level 8. HP: 57/66 MP: 10/15
  7668 | D:6      | Found a staircase to the Ecumenical Temple.
  7716 | D:6      | Offered knowledge of Static Discharge by Vehumet.
  7884 | D:6      | Reached skill level 7 in Conjurations
  8302 | D:6      | Reached skill level 5 in Fighting
  8349 | D:6      | Found Lafovvuip's Fire Supplies.
  8518 | D:6      | Reached XP level 9. HP: 43/74 MP: 16/18
  8730 | D:6      | Reached skill level 8 in Conjurations
  9157 | D:6      | Found a blossoming altar of Fedhas.
  9680 | D:7      | Noticed Menkaure
  9695 | D:6      | HP: 4/112 [Menkaure (16)]
  9696 | D:6      | Mangled by Menkaure

Illustrated notes

Levels and vault maps discovered:
D:1:      saegor_arrival_fortress, layout_loops_ring,
          hellmonk_ecumenical_altar_slurped_away, minmay_tree_intersection
D:2:      layout_loops_corners
D:3:      layout_loops_ring, grunt_dithmenos_smoke_and_mirrors,
          chequers_serial_rivers_micro_c, uniq_grinder, uniq_natasha
D:4:      layout_layer_cave, nicolae_ru_awakened_eye
D:5:      layout_gridville, serial_shops, shop, roderic_serpentine_path
D:6:      layout_layer_cave, fedhas_altar_1, minmay_temple_entry_glassed_door,
          nicolae_shop_fire_sale [nicolae_sub_dead_trees], kennysheep_boxes
D:7:      layout_rooms, abandoned_shop, grunt_decor_cap, uniq_menkaure

Skill      XL: |  1  2  3  4  5  6  7  8  9 |
---------------+----------------------------+-----
Fighting       | 1 2 3 4 5 |  5.8
Dodging        | 2 3 4 |  4.0
Conjurations   | 5 6 7 8 |  8.1
Spellcasting   | 3 4 5 6 |  6.6
Long Blades    | 1 |  1.9
Stealth        | |  1.8

Action                   |  1- 3 |  4- 6 |  7- 9 || total
-------------------------+-------+-------+-------++-------
Melee: Dagger            |    36 |    19 |   106 ||   161
       Tailslap          |     2 |     9 |    15 ||    26
       Falchion          |       |    30 |       ||    30
       Short sword       |       |     6 |       ||     6
       Punch             |       |     1 |     3 ||     4
 Cast: Magic Dart        |    51 |   117 |   174 ||   342
       Searing Ray       |       |       |     2 ||     2
 Abil: Breathe Noxious F |       |       |     3 ||     3
  Use: Potion            |     2 |       |     4 ||     6
       Scroll            |       |     2 |     1 ||     3
 Stab: Sleeping          |     1 |       |     1 ||     2
Armor: Skin              |    25 |    19 |    57 ||   101
Dodge: Dodged            |    44 |    58 |    85 ||   187
